 Seeded DCSS version 0.31-a0-128-g25add195a6 (webtiles) character file.

Game seed: 10374401916855258678 (custom seed)

339 Pimp the Shooter (level 6, -2/37 HPs)
             Began as a Deep Elf Hunter on June 1, 2023.
             Slain by an ogre
             ... wielding a +0 giant club
              (12 damage)
             ... on level 4 of the Dungeon.
             The game lasted 00:07:18 (3936 turns).

Pimp the Shooter (Deep Elf Hunter)                  Turns: 3936, Time: 00:07:18

Health: -2/37      AC:  6    Str: 12    XL:     6   Next: 29%
Magic:  10/10      EV: 14    Int: 13    God:
Gold:   940        SH:  0    Dex: 19    Spells: 8/8 levels left

rFire   . . .        a - +1 shortbow
rCold   + . .        (shield currently unavailable)
rNeg    . . .        c - +0 leather armour
rPois   .            (no helmet)
rElec   .            (no cloak)
rCorr   +            d - +1 pair of gloves
SInv    .            i - +0 pair of boots
Will    .....        (no amulet)
Stlth   +++          h - ring of protection from cold
HPRegen 0.26/turn    o - ring of resist corrosion
MPRegen 0.12/turn

%: no passive effects
@: no status effects
A: strong 1
a: no special abilities


You were on level 4 of the Dungeon.
You visited 1 branch of the dungeon, and saw 4 of its levels.

You collected 1269 gold pieces.
You spent 329 gold pieces at shops.

Inventory:

Hand Weapons
 a - a +1 shortbow (weapon)
 l - a +1 spear of pain
Armour
 c - a +0 leather armour (worn)
 d - a +1 pair of gloves (worn)
 i - a +0 pair of boots (worn)
 j - the +1 pair of boots of the Unseen Realm {rElec Int+4 Dex-4}
   (You found it on level 3 of the Dungeon)

   Int:       It affects your intelligence (+4).
   Dex:       It affects your dexterity (-4).
   rElec:     It insulates you from electricity.
Magical Staves
 t - a staff of cold
Jewellery
 h - a ring of protection from cold (left hand)
 o - a ring of resist corrosion (right hand)
 p - a ring of wizardry
Wands
 r - a wand of paralysis (6)
 s - a wand of acid (1) (quivered)
 u - a wand of roots (7)
Scrolls
 b - a scroll of butterflies
 g - a scroll of magic mapping
Potions
 e - a potion of curing
 f - 3 potions of brilliance
 k - 2 potions of cancellation
 m - 3 potions of might
 q - a potion of resistance {unknown}
 v - 3 potions of lignification


   Skills:
 + Level 3.0 Fighting
 + Level 6.7 Ranged Weapons
 + Level 4.4 Dodging
 - Level 3.6 Stealth
 + Level 1.6 Spellcasting
 + Level 1.1 Ice Magic


You had 8 spell levels left.
You didn't know any spells.
Your spell library contained the following spells:

 Spells                   Type           Power      Damage    Failure   Level
 Slow                     Hex            4%         N/A       34%         1
 Lesser Beckoning         Tloc           2%         N/A       45%         2
 Confusing Touch          Hex            1%         N/A       71%         3
 Vampiric Draining        Necr           1%         2d6       71%         3
 Anguish                  Hex/Necr       0%         N/A       98%         4
 Malign Gateway           Summ/Tloc      0%         N/A       100%        7


Dungeon Overview and Level Annotations

Branches:
Dungeon (4/15)
 Temple: D:4-7

Altars:
Uskayaw

Shops:
D:1 !   D:2 *   D:4 *


Innate Abilities, Weirdness & Mutations

Your muscles are strong. (Str +4, Int/Dex -1)


Message History

a +0 dagger; a +0 leather armour; an orc corpse You feel better.
The orc barely misses you.
You shoot an arrow. The arrow hits the orc.
The orc is heavily wounded.
The orc misses you. The orc attacks as you move away! The orc misses you.
The orc attacks as you move away! The orc misses you.
You shoot an arrow. The arrow hits the orc!
You kill the orc!
Your Fighting skill increases to level 3!
You are too injured to fight recklessly!
Unknown command.
It was a potion of mutation.
You feel extremely strange.
You feel stronger.
You shoot an arrow.
The arrow hits the ogre but does no damage.
The ogre misses you.
You shoot an arrow.
The arrow hits the ogre but does no damage.
The ogre barely misses you.
You don't know any spells.
Aiming: Corrosive Bolt
Press: ? - help, Q - select action, (/) - cycle Shift-Dir - straight line, f/p - ogre
Aim: an ogre, wielding a +0 giant club (86% to hit)
The bolt of acid hits the ogre!
The acid corrodes the ogre!
The ogre is moderately wounded.
Aiming: Corrosive Bolt
Press: ? - help, Q - select action, (/) - cycle Shift-Dir - straight line, f/p - ogre
Aim: an ogre, wielding a +0 giant club (moderately wounded, covered in acid, 86% to hit)
The bolt of acid hits the ogre!
The ogre is severely wounded.
The ogre hits you with a +0 giant club!
* * * LOW HITPOINT WARNING * * *
You shoot an arrow. The arrow hits the ogre.
The ogre is almost dead.
The ogre misses you.
You shoot an arrow. The arrow hits the ogre.
The ogre is almost dead.
The ogre hits you with a +0 giant club!
You die...

#.........# ###
#########.# # #.#
#.### #.# #....
#.##.#..##
#########.##.>....
#.........####..##
#.######### #. #
#@# #. # #O#
###[.## #.#
....... #.# .#
###.... #.# .#
#.### #)# .# #....
#.# .# #### #.# .#
# #.# .# #


You could see an ogre (corroded).

Vanquished Creatures
  A gnoll bouda (D:4)
  A jelly (D:4)
  A hound (D:4)
  Terence (D:3)
  Robin (D:2)
  7 gnolls
  4 adders
  A worm (D:4)
  3 dart slugs
  9 orcs
  6 ball pythons
  2 endoplasms (D:4)
  7 giant cockroaches
  14 hobgoblins
  7 jackals (D:4)
  5 kobolds
  4 quokkas
  2 bats (D:2)
  2 frilled lizards
  12 goblins
  5 rats
95 creatures vanquished.

Notes
Turn   | Place    | Note
-------+----------+-------------------------------------------
     0 | D:1      | Pimp the Deep Elf Hunter began the quest for the Orb.
     0 | D:1      | Reached XP level 1. HP: 12/12 MP: 3/3
    91 | D:1      | Found Voal's Distillery.
   124 | D:1      | Reached XP level 2. HP: 17/17 MP: 4/4
   188 | D:1      | Got the Secrets of Geometries and the Curse
   573 | D:2      | Reached XP level 3. HP: 14/21 MP: 5/5
   863 | D:2      | Noticed Robin
   904 | D:2      | Killed Robin
   905 | D:2      | Reached XP level 4. HP: 22/26 MP: 6/6
   972 | D:2      | Reached skill level 6 in Ranged Weapons
  1022 | D:2      | Found a faded altar of an unknown god.
  1089 | D:2      | Found Urphatuci's General Store.
  1572 | D:3      | Noticed Terence
  1584 | D:3      | Killed Terence
  1864 | D:3      | Identified the +1 pair of boots of the Unseen Realm {rElec
                  | Int+4 Dex-4}
  1991 | D:3      | Identified a scroll of acquirement
  1991 | D:3      | Acquired 962 gold pieces
  2573 | D:3      | Reached XP level 5. HP: 31/31 MP: 7/7
  2729 | D:2      | Bought a scroll of enchant armour for 82 gold pieces
  2754 | D:1      | Bought a potion of invisibility for 80 gold pieces
  2991 | D:4      | Found Yqyifero's Assorted Antiques.
  3282 | D:4      | Reached skill level 1 in Spellcasting
  3408 | D:4      | Reached XP level 6. HP: 16/36 MP: 9/9
  3569 | D:4      | Found a hide-covered altar of Uskayaw.
  3668 | D:4      | Bought a long wooden wand for 100 gold pieces
  3668 | D:4      | Bought 2 emerald potions for 45 gold pieces
  3668 | D:4      | Bought an emerald potion for 22 gold pieces
  3714 | D:4      | Reached skill level 1 in Ice Magic
  3930 | D:4      | Gained mutation: Your muscles are strong. (Str +4, Int/Dex
                  | -1) [potion of mutation]
  3936 | D:4      | Slain by an ogre

Illustrated notes

Levels and vault maps discovered:
D:1:      minmay_arrival_cross, layout_basic, serial_shops, shop_statue,
          minmay_octomino_j4
D:2:      layout_basic, shapermc_ecumenical_altar_ellora, serial_shops, shop,
          uniq_robin
D:3:      mumra_celtic_spiral_tile, layout_loops_corners, uniq_terence
D:4:      layout_loops_ring, nicolae_uskayaw_suspiria, serial_shops,
          nicolae_square_shop

Skill      XL: |  1  2  3  4  5  6 |
---------------+-------------------+-----
Stealth        | 2 3 |  3.6
Dodging        | 3 4 |  4.4
Fighting       | 2 3 |  3.0
Ranged Weapons | 6 |  6.7
Spellcasting   | 1 |  1.6
Ice Magic      | 1 |  1.1

Action                     |  1- 3 |  4- 6 || total
---------------------------+-------+-------++-------
   Fire: Shortbow          |   105 |   188 ||   293
  Evoke: Wand              |       |     2 ||     2
    Use: Potion            |     3 |     4 ||     7
         Scroll            |       |    12 ||    12
 Armour: Leather armour    |    16 |    11 ||    27
  Dodge: Dodged            |    38 |    47 ||    85

Table legend: (Time is in decaauts)
 A = Elapsed time spent in this place.
 B = Non-inter-level travel time spent in this place.
 C = Inter-level travel time spent in this place.
 D = Time resting spent in this place.
 E = Time spent auto-exploring this place.
 F = Levels seen in this place.
 G = Mean time per level.
                   A        B        C        D        E       F      G
               +--------+--------+--------+--------+--------+-----+--------+
         Total |   3941 |   3544 |    397 |    210 |   2736 |   4 |  985.2 |
       Dungeon |   3941 |   3544 |    397 |    210 |   2736 |   4 |  985.2 |
               +--------+--------+--------+--------+--------+-----+--------+

Top non-repeatable levels by time:
     D:3: 1474 daAuts
     D:2: 1010 daAuts
     D:4: 893 daAuts
     D:1: 561 daAuts
